 Dungeon Crawl Stone Soup version 0.28-a0-503-g83f2989fac (webtiles) character file.

Game seed: 7574161486709117840

0 spiderkeys the Skirmisher (level 1, -18/14 HPs)
             Began as a Tengu Abyssal Knight on Sept 20, 2021.
             Was a Follower of Lugonu.
             Demolished by a tentacled starspawn (21 damage)
             ... on level 1 of the Abyss.
             The game lasted 00:00:28 (166 turns).

spiderkeys the Skirmisher (Tengu Abyssal Knight)     Turns: 166, Time: 00:00:28

Health: -18/14     AC:  3    Str: 13    XL:     1   Next: 0%
Magic:  3/3        EV: 11    Int: 10    God:    Lugonu [*.....]
Gold:   0          SH:  0    Dex: 14    Spells: 0/0 levels left

rFire   . . .      SeeInvis .   a - +1 spear
rCold   . . .      Faith    .   (no shield)
rNeg    . . .      Spirit   .   b - +0 leather armour
rPois   .          Reflect  .   (helmet restricted)
rElec   .          Harm     .   (no cloak)
rCorr   .          Rampage  .   (no gloves)
Will    .....                   (boots unavailable)
Stlth   +.........              (no amulet)
HPRegen 0.04/turn               (no ring)
MPRegen 0.08/turn               (no ring)

@: no status effects
A: beak, talons 3
a: Renounce Religion, Depart the Abyss


You were on level 1 of the Abyss.
You worshipped Lugonu.
Lugonu was aware of your devotion.
You visited 0 branches of the dungeon, and saw 0 of its levels.
You visited the Abyss 1 time.


Innate Abilities, Weirdness & Mutations

You have a beak for a mouth.
You have claws for feet.


   Skills:
 + Level 3.0 Fighting
 + Level 2.1 Polearms
 + Level 2.1 Armour
 + Level 1.1 Dodging
 + Level 1.5 Invocations


You couldn't memorise any spells.
You didn't know any spells.
Your spell library contained the following spells:

 Spells                   Type           Power      Damage    Failure   Level
 Passwall                 Tmut/Erth      0%         N/A       58%         2
 Swiftness                Air            0%         N/A       82%         3
 Invisibility             Hex            0%         N/A       100%        6

Inventory:

Hand Weapons
 a - a +1 spear (weapon)
Missiles
 c - 13 arrows
Armour
 b - a +0 leather armour (worn)

Dungeon Overview and Level Annotations

Branches:
Dungeon (0/15)

Altars:

. ## .. . #
#### #ยง...
#..#
....###@##
#...#Xw# ..
.##..w#.# .
#....W#.# .
.#...##.##..
.####
.#####.####.
.. ..#.#.# .
# ## # .
#.#. ..# W##
# .
##..w.....
.#


You could see a tentacled starspawn, a wraith and 2 starspawn tentacles.


Message History

๐Ÿค– Initializing magus.rc ...
Options error: Delay interrupt name "hungry" not recognised. (~/.crawlrc:4988) โœ… Successfully initialized magus.rc [v1.9.10] Welcome, spiderkeys the Tengu Abyssal Knight.
Will you prevail where others failed? Will you find the Orb of Zot?
Lugonu says: Depart the Abyss and spread corruption, my servant! (use the ability menu to exit the Abyss) Press ? for a list of commands and other information.
Found 13 arrows.
Found a corrupted altar of Lugonu.
c - 13 arrows
There is a corrupted altar of Lugonu here.
You enter the shallow water.
Moving in this stuff is going to be slow.
Unknown command.
A tentacled starspawn comes into view.
An ufetubus comes into view.
The ufetubus moves out of view.
Tentacles burst from the starspawn's body! 2 starspawn tentacles come into view.
The starspawn tentacle grabs you.
The starspawn tentacle constricts you. ๐Ÿ˜• HP[-3]
You take 3 damage, and now have 11/14 hp.
MASSIVE DAMAGE!! (PAUSE)
You escape the starspawn tentacle's grasp.
A wraith comes into view. ๐Ÿ˜• HP[+1]
You see here a book of Burglary.
You pick up a book of Burglary and begin reading...
You add the spells Passwall, Swiftness and Invisibility to your library.
Okay, then.
Tentacles burst from the starspawn's body! 2 starspawn tentacles come into view.
The starspawn tentacle misses you. The starspawn tentacle grabs you.
The starspawn tentacle constricts you. ๐Ÿ˜ฎ HP[-3]
You take 3 damage, and now have 9/14 hp.
MASSIVE DAMAGE!! (PAUSE)
You hit the starspawn tentacle.
You claw the starspawn tentacle, but do no damage.
The starspawn tentacle loses its grip on you.
The tentacle pulls you backwards!
You hit the tentacled starspawn but do no damage.
You hit the tentacled starspawn. The tentacled starspawn misses you. x2
You hit the tentacled starspawn.
A tentacle flies out from the starspawn's body!
A starspawn tentacle comes into view.
You barely miss the tentacled starspawn.
You claw the tentacled starspawn!
You peck the tentacled starspawn, but do no damage.
The tentacled starspawn completely misses you.
The tentacled starspawn misses you.
The starspawn tentacle barely misses you.
You barely miss the tentacled starspawn.
Your kick misses the tentacled starspawn.
The tentacled starspawn bites you.
* * * LOW HITPOINT WARNING * * *
The tentacled starspawn tentacle-slaps you.
* * * LOW HITPOINT WARNING * * *
The starspawn tentacle barely misses you. ๐Ÿ˜ฑ HP[-6]
You take 6 damage, and now have 3/14 hp.
MASSIVE DAMAGE!! (PAUSE)
You hit the tentacled starspawn but do no damage.
Your peck misses the tentacled starspawn.
The tentacled starspawn bites you!!
Ouch! That really hurt!
You die...

Action                   || total
-------------------------++-------
Melee: Spear             ||     7
       Kick              ||     2
       Peck              ||     1
Dodge: Dodged            ||     7

Levels and vault maps discovered:
Abyss:1:  base: Temple, base: Temple, evilmike_abyss_exit_mutagenic

Notes
Turn   | Place    | Note
-------+----------+-------------------------------------------
     0 | Abyss:1  | spiderkeys the Tengu Abyssal Knight began the quest for the
                  | Orb.
     0 | Abyss:1  | Reached XP level 1. HP: 14/14 MP: 3/3
     0 | Abyss:1  | magus.rc [v1.9.10]
   101 | Abyss:1  | Noticed a tentacled starspawn
   149 | Abyss:1  | Noticed a wraith
   152 | Abyss:1  | You pick up a book of Burglary and begin reading...
   152 | Abyss:1  | You add the spells Passwall, Swiftness and Invisibility to
                  | your library.
   165 | Abyss:1  | HP: 3/14 [tentacled starspawn (1)]
   166 | Abyss:1  | Demolished by a tentacled starspawn

Vanquished Creatures (others)
  5 starspawn tentacles (Abyss:1)
5 creatures vanquished.

Table legend:
 A = Non-vault XP
 B = Vault XP
 C = Vault XP percentage of total XP
 D = Non-vault monster count
 E = Vault monster count
 F = Vault count percentage of total count
                 A         B        C        D         E       F
            +---------+---------+-------+---------+---------+-------
      Total |       0 |       0 |   N/A |       0 |       0 |  -nan
            +---------+---------+-------+---------+---------+-------
            +---------+---------+-------+---------+---------+-------

Illustrated notes

Table legend: (Time is in decaauts)
 A = Elapsed time spent in this place.
 B = Non-inter-level travel time spent in this place.
 C = Inter-level travel time spent in this place.
 D = Time resting spent in this place.
 E = Time spent auto-exploring this place.
 F = Levels seen in this place.
 G = Mean time per level.
                   A        B        C        D        E       F      G
               +--------+--------+--------+--------+--------+-----+--------+
         Total |    166 |    166 |      0 |      0 |    101 |   1 |  166.0 |
         Abyss |    166 |    166 |      0 |      0 |    101 |   1 |  166.0 |
               +--------+--------+--------+--------+--------+-----+--------+

Top non-repeatable levels by time:
 Abyss:1: 166 daAuts
